 Dungeon Crawl Stone Soup version 0.31-a0-115-g4708a659fe (webtiles) character file.

Game seed: 11768121819222646678

156 holysushi the Shooter (level 5, -1/39 HPs)
             Began as a Barachi Hunter on May 30, 2023.
             Was an Initiate of Ru.
             Slain by a gnoll
             ... wielding a +0 club
              (5 damage)
             ... on level 3 of the Dungeon.
             The game lasted 00:03:32 (2852 turns).

holysushi the Shooter (Barachi Hunter)              Turns: 2852, Time: 00:03:33

Health: -1/39      AC:  3    Str: 12    XL:     5   Next: 38%
Magic:  5/5        EV: 12    Int:  9    God:    Ru [......]
Gold:   81         SH:  0    Dex: 18    Spells: 4/4 levels left

rFire   + . .        a - +0 shortbow
rCold   + . .        (shield currently unavailable)
rNeg    . . .        c - +0 leather armour
rPois   +            (no helmet)
rElec   +            (no cloak)
rCorr   +            (no gloves)
SInv    +            (no boots)
Will    .....        (no amulet)
Stlth   ++           k - ring of see invisible
HPRegen 0.26/turn    (no ring)
MPRegen 0.09/turn

%: no passive effects
@: mighty, brilliant, resistant, unable to hop, slow
A: amphibious, slowness 1, strong legs 1, +LOS
a: Hop, Renounce Religion


You were on level 3 of the Dungeon.
You worshipped Ru.
Ru was noncommittal.
You visited 1 branch of the dungeon, and saw 3 of its levels.

You collected 81 gold pieces.

Inventory:

Hand Weapons
 a - a +0 shortbow (weapon)
Armour
 c - a +0 leather armour (worn)
Jewellery
 k - a ring of see invisible (left hand)
Scrolls
 b - a scroll of immolation
 d - a scroll of fog
 i - a scroll of enchant weapon {unknown}
 j - a scroll of brand weapon {unknown}
Potions
 h - a potion of degeneration {unknown}


   Skills:
 + Level 2.6 Fighting
 + Level 6.4 Ranged Weapons
 - Level 2.1 Dodging
 - Level 0.8 Stealth


You had 4 spell levels left.
You didn't know any spells.
Your spell library contained the following spells:

 Spells                   Type           Power      Damage    Failure   Level
 Ensorcelled Hibernation  Hex/Ice        0%         N/A       61%         2
 Spider Form              Tmut/Pois      0%         N/A       83%         3
 Anguish                  Hex/Necr       0%         N/A       99%         4


Dungeon Overview and Level Annotations

Branches:
Dungeon (3/15) Zot: 14891

Altars:
Cheibriados
Ru

Shops:
D:2 [

Annotations:
D:2 Terence


Innate Abilities, Weirdness & Mutations

You are amphibious.
You cover ground slowly.
You can hop short distances.
You have an extended range of vision and can be seen from far away.


Message History

You shoot an arrow.
The arrow hits the gnoll but does no damage.
The gnoll is lightly wounded.
You shoot an arrow. The arrow hits the gnoll.
The gnoll is moderately wounded.
A kobold comes into view. It is wielding a +0 club.
You shoot an arrow. The arrow barely misses the gnoll.
You shoot an arrow. The arrow hits the gnoll.
The gnoll is moderately wounded.
The gnoll barely misses you.
You shoot an arrow. The arrow hits the gnoll.
The gnoll is moderately wounded.
The gnoll hits you from afar with a +0 spear.
The gnoll barely misses you. The gnoll attacks as you move away!
The gnoll hits you but does no damage. The gnoll hits you with a +0 club!
The gnoll attacks as you move away! The gnoll hits you with a +0 club.
The gnoll attacks as you move away! The gnoll hits you with a +0 club. x2
The gnoll attacks as you move away! The gnoll hits you but does no damage.
The gnoll attacks as you move away! The gnoll hits you with a +0 club.
The gnoll barely misses you. The gnoll attacks as you move away!
The gnoll hits you with a +0 club.
* * * LOW HITPOINT WARNING * * *
The gnoll attacks as you move away! The gnoll hits you with a +0 club.
* * * LOW HITPOINT WARNING * * *
The gnoll barely misses you.
It was a potion of brilliance.
You feel clever all of a sudden.
The gnoll hits you from afar with a +0 spear.
* * * LOW HITPOINT WARNING * * *
The gnoll barely misses you.
It was a potion of might.
You feel very mighty all of a sudden. The gnoll hits you with a +0 club.
* * * LOW HITPOINT WARNING * * *
The gnoll barely misses you.
It was a potion of resistance.
You feel protected. The gnoll hits you with a +0 club.
You die...

####.# ##.#########.#
##.#### ##...#........#
#.....####......########
#..##.#.....).#.#
#..##.#.##......#
#.............###
#.###.#.##....# #.#
#.#.......#
#.###.######@## #.....#
#g# ####### #g# #K#
########### #.#
#.......†.#####.#########
#.#######.##g...........#
#.# #####.##.#...######..
#.# #.............#


You could see 2 gnolls and a kobold.

Vanquished Creatures
  A sky beast (D:3)
  A gnoll (D:3)
  2 adders
  A worm (D:2)
  2 orcs (D:3)
  4 bats
  2 endoplasms (D:1)
  3 goblins (D:1)
  5 hobgoblins
  4 quokkas
  A ball python (D:3)
  A frilled lizard (D:1)
  A kobold (D:1)
  4 rats
32 creatures vanquished.

Notes
Turn   | Place    | Note
-------+----------+-------------------------------------------
     0 | D:1      | holysushi the Barachi Hunter began the quest for the Orb.
     0 | D:1      | Reached XP level 1. HP: 17/17 MP: 1/1
   607 | D:1      | Reached XP level 2. HP: 23/23 MP: 2/2
   802 | D:2      | Found Byl Osach's Antique Armour Boutique.
  1812 | D:2      | Reached XP level 3. HP: 28/28 MP: 3/3
  1902 | D:2      | Found a sacrificial altar of Ru.
  1910 | D:2      | Noticed Terence
  1954 | D:2      | Reached skill level 5 in Ranged Weapons
  2264 | D:2      | Became a worshipper of Ru the Awakened
  2417 | D:3      | Found a snail-covered altar of Cheibriados.
  2566 | D:3      | Noticed a sky beast
  2579 | D:3      | Killed a sky beast
  2580 | D:3      | Reached skill level 6 in Ranged Weapons
  2580 | D:3      | Reached XP level 4. HP: 27/34 MP: 4/4
  2580 | D:3      | Reached XP level 5. HP: 31/39 MP: 5/5
  2852 | D:3      | Slain by a gnoll

Illustrated notes

Levels and vault maps discovered:
D:1:      dpeg_arrival_radiant, layout_rooms
D:2:      layout_loops_cross, basic_altar, serial_shops, nicolae_shop_crystal,
          uniq_terence
D:3:      layout_loops_corners, overflow_temple_1_default

Skill      XL: |  1  2  3 |
---------------+----------+-----
Ranged Weapons | 6 |  6.4
Fighting       | |  2.6
Dodging        | |  2.1
Stealth        | |  0.8

Action                     |  1- 3 |  4- 6 || total
---------------------------+-------+-------++-------
   Fire: Shortbow          |    89 |    19 ||   108
Ability: Hop               |     1 |     1 ||     2
    Use: Scroll            |     3 |       ||     3
         Potion            |       |     3 ||     3
 Armour: Leather armour    |     9 |     3 ||    12
  Dodge: Dodged            |    26 |     8 ||    34

Table legend: (Time is in decaauts)
 A = Elapsed time spent in this place.
 B = Non-inter-level travel time spent in this place.
 C = Inter-level travel time spent in this place.
 D = Time resting spent in this place.
 E = Time spent auto-exploring this place.
 F = Levels seen in this place.
 G = Mean time per level.
                   A        B        C        D        E       F      G
               +--------+--------+--------+--------+--------+-----+--------+
         Total |   3107 |   3057 |     50 |   1520 |    892 |   3 | 1035.7 |
       Dungeon |   3107 |   3057 |     50 |   1520 |    892 |   3 | 1035.7 |
               +--------+--------+--------+--------+--------+-----+--------+

Top non-repeatable levels by time:
     D:2: 1678 daAuts
     D:1: 870 daAuts
     D:3: 559 daAuts
